 Dungeon Crawl Stone Soup version 0.30.0-16-gbe6223bb7e (webtiles) character file.

Game seed: 4979675350248463159

52 monsoonserge the Ducker (level 3, -5/22 HPs)
             Began as a Deep Elf Monk on May 21, 2023.
             Was a Priest of Vehumet.
             Slain by an orc
             ... wielding a +0 morningstar
              (8 damage)
             ... on level 4 of the Dungeon.
             The game lasted 00:06:04 (1536 turns).

monsoonserge the Ducker (Deep Elf Monk)             Turns: 1536, Time: 00:06:05

Health: -5/22      AC:  2    Str:  8    XL:     3   Next: 60%
Magic:  1/6        EV: 14    Int: 14    God:    Vehumet [***...]
Gold:   86         SH:  0    Dex: 19    Spells: 2/3 levels left

rFire   . . .        a - +0 short sword
rCold   . . .        d - orb {light}
rNeg    . . .        b - +0 robe
rPois   .            (no helmet)
rElec   .            (no cloak)
rCorr   .            (no gloves)
SInv    .            (no boots)
Will    .....        (no amulet)
Stlth   +            (no ring)
HPRegen 0.23/turn    (no ring)
MPRegen 0.10/turn

%: no passive effects
@: glowing
A: no striking features
a: Renounce Religion


You were on level 4 of the Dungeon.
You worshipped Vehumet.
Vehumet was most pleased with you.
You visited 1 branch of the dungeon, and saw 4 of its levels.

You collected 86 gold pieces.

Inventory:

Hand Weapons
 a - a +0 short sword (weapon)
Missiles
 h - 3 silver javelins
 l - 55 stones (quivered)
Armour
 b - a +0 robe (worn)
 d - an orb of light (worn)
 k - a +0 ring mail
Scrolls
 e - 2 scrolls of identify {unknown}
 f - a scroll of noise {unknown}
 g - 2 scrolls of enchant armour {unknown}
 j - a scroll of enchant weapon {unknown}
 o - a scroll of teleportation {unknown}
 p - a scroll of fog {unknown}
Potions
 c - a potion of ambrosia
 i - a potion of flight {unknown}
 m - a potion of curing {unknown}
 n - a potion of resistance {unknown}
 q - 2 potions of heal wounds {unknown}
 r - a potion of lignification {unknown}
 s - a potion of haste {unknown}


   Skills:
 + Level 2.7 Fighting
 + Level 3.7 Short Blades
 + Level 0.3 Armour
 + Level 4.0 Dodging
 + Level 0.9 Stealth
 * Level 0.8 Spellcasting
 * Level 0.3 Earth Magic


You had 2 spell levels left.
You knew the following spells:

 Your Spells              Type           Power      Damage    Failure   Level
a - Sandblast             Erth           2%         2d4       7%          1

Your spell library contained the following spells:

 Spells                   Type           Power      Damage    Failure   Level
 Inner Flame              Hex/Fire       0%         N/A       21%         3
 Stone Arrow              Conj/Erth      0%         3d7       19%         3
 Animate Armour           Summ/Erth      0%         N/A       94%         4
 Lehudib's Crystal Spear  Conj/Erth      0%         10d2      100%        8


Dungeon Overview and Level Annotations

Branches:
Dungeon (4/15)
 Temple: D:4-7

Altars:
Gozag
Vehumet


Message History

The orc barely misses you. The rat closely misses you.
You climb downwards.
There is a stone staircase leading up here.
You completely miss the rat.
Casting: Sandblast (safe; 7% risk of failure)
Confirm with . or Enter, or press ? or * to list all spells.
Aiming: Sandblast (safe; 7% risk of failure)
Press: ? - help, Shift-Dir - straight line, f - rat
Aim: a rat (haloed, 85% to hit)
Okay, then.
Press: ? - help, v - describe, . - travel
Here: an orc, wielding a +0 morningstar and wearing a +0 scale mail (haloed)
The floor.
Press: ? - help, v - describe, . - travel
Here: a rat (haloed)
The floor.
Casting: Sandblast (safe; 7% risk of failure)
Confirm with . or Enter, or press ? or * to list all spells.
Aiming: Sandblast (safe; 7% risk of failure)
Press: ? - help, Shift-Dir - straight line, f - orc
Aim: an orc, wielding a +0 morningstar and wearing a +0 scale mail (haloed, 87% to hit)
The blast of sand hits the orc but does no damage.
The rat bites you. The orc misses you. The rat closely misses you.
The orc closely misses you.
You hit the orc but do no damage. The rat bites you but does no damage.
The orc misses you.
You hit the orc.
The orc is moderately wounded.
The orc barely misses you. The rat completely misses you.
You hit the orc.
The orc is heavily wounded.
You hit the orc but do no damage.
The orc is heavily wounded.
The rat bites you. The orc hits you with a +0 morningstar!
Ouch! That really hurt!
* * * LOW HITPOINT WARNING * * *
You hit the orc but do no damage.
The orc is heavily wounded.
The orc hits you with a +0 morningstar!
You die...

#####
#@r.#
#o#.#
... ..
...#.
...
..#.#..
...
.#...#
.. .#
#######
... #
...


You could see an orc and a rat.

Vanquished Creatures
  A worm (D:2)
  2 dart slugs
  An orc (D:3)
  3 bats
  4 endoplasms
  4 giant cockroaches (D:1)
  5 goblins
  7 hobgoblins
  4 kobolds
  3 frilled lizards
  3 rats
37 creatures vanquished.

Notes
Turn   | Place    | Note
-------+----------+-------------------------------------------
     0 | D:1      | monsoonserge the Deep Elf Monk began the quest for the Orb.
     0 | D:1      | Reached XP level 1. HP: 13/13 MP: 3/3
   154 | D:1      | Reached XP level 2. HP: 18/18 MP: 4/4
   418 | D:1      | Reached skill level 4 in Dodging
   769 | D:2      | Reached XP level 3. HP: 22/22 MP: 5/5
   778 | D:2      | Found a faded altar of an unknown god.
   786 | D:2      | Prayed at the altar of an unknown god.
   786 | D:2      | Became a worshipper of Vehumet
   786 | D:2      | Reached * piety under Vehumet
   786 | D:2      | Offered knowledge of Sandblast by Vehumet.
   786 | D:2      | Reached ** piety under Vehumet
   799 | D:2      | Learned a level 1 spell: Sandblast
   847 | D:2      | Offered knowledge of Kiss of Death by Vehumet.
   924 | D:2      | Found an opulent altar of Gozag.
   991 | D:2      | Offered knowledge of Inner Flame by Vehumet.
  1119 | D:2      | Reached *** piety under Vehumet
  1536 | D:4      | Slain by an orc

Illustrated notes

Levels and vault maps discovered:
D:1:      psy_arrival_dodecagon, layout_loops_cross
D:2:      layout_basic, shapermc_ecumenical_altar_totnotflames, basic_altar,
          serial_park_tiny_1
D:3:      layout_rooms, nicolae_vehumet_radiance, marbit_many_paths,
          minmay_cut_off
D:4:      layout_basic, uniq_menkaure, uniq_duvessa

Skill      XL: |  1  2 |
---------------+-------+-----
Dodging        | 4 |  4.0
Fighting       | |  2.7
Short Blades   | |  3.7
Armour         | |  0.3
Stealth        | |  0.9
Spellcasting   | |  0.8
Earth Magic    | |  0.3

Action                     || total
---------------------------++-------
  Melee: Short sword       ||    96
  Throw: Stone             ||     6
   Cast: Sandblast         ||    33
   Stab: Sleeping          ||     1
 Armour: Ring mail         ||    19
         Robe              ||     4
  Dodge: Dodged            ||    65
